 Dungeon Crawl Stone Soup version 0.28-a0-1182-g381e24db82 (webtiles) character file.

Game seed: 16157068847404595749

40 lonewolfV2 the Ducker (level 3, 0/40 HPs)
             Began as a Demonspawn Gladiator on Dec 16, 2021.
             Succumbed to a goblin's poison
             ... on level 2 of the Dungeon.
             The game lasted 00:04:28 (1658 turns).

lonewolfV2 the Ducker (Demonspawn Gladiator)        Turns: 1658, Time: 00:04:29

Health: 0/40       AC: 21    Str: 14    XL:     3   Next: 30%
Magic:  3/3        EV:  2    Int: 11    God:
Gold:   48         SH:  0    Dex: 14    Spells: 2/2 levels left

rFire   + . .      SeeInvis .   e - +1 short sword (vamp)
rCold   . . .      Faith    .   (no shield)
rNeg    . . .      Spirit   .   (armour currently unavailable)
rPois   +          Reflect  .   (helmet currently unavailable)
rElec   .          Harm     .   (cloak currently unavailable)
rCorr   .          Rampage  .   (gloves currently unavailable)
Will    .....      NoTele   +   (boots currently unavailable)
Stlth   +.........              (no amulet)
HPRegen 0.13/turn               h - ring of protection from fire
MPRegen 0.08/turn               (no ring)

@: lethally poisoned (0 -> -1), tree-form
A: stationary, stasis, torment immunity, boosted hp, demonic guardian 1
a: no special abilities


You were on level 2 of the Dungeon.
You were a tree.
You visited 1 branch of the dungeon, and saw 2 of its levels.

You collected 48 gold pieces.

Inventory:

Hand Weapons
 a - a +0 flail
 e - a +1 vampiric short sword (weapon)
Missiles
 d - 4 throwing nets (quivered)
Armour
 c - a +0 helmet (melded)
 f - a +2 leather armour of willpower (melded)
Jewellery
 h - a ring of protection from fire (left branch)
Scrolls
 i - a scroll of teleportation


   Skills:
 + Level 2.1 Fighting
 + Level 0.3 Short Blades
 + Level 3.1 Maces & Flails
 + Level 2.1 Throwing
 + Level 0.4 Armour
 + Level 3.1 Dodging
 + Level 0.1 Stealth


You had 2 spell levels left.
You didn't know any spells.
Your spell library contained the following spells:

 Spells                   Type           Power      Damage    Failure   Level
 Frozen Ramparts          Ice            0%         1d2       71%         3
 Ice Form                 Ice/Tmut       0%         N/A       98%         4
 Summon Ice Beast         Ice/Summ       0%         N/A       98%         4


Dungeon Overview and Level Annotations

Branches:
Dungeon (2/15)

Altars:


Innate Abilities, Weirdness & Mutations

You are a tree.
Your roots penetrate the ground, keeping you stationary.
You cannot be teleported.
You are immune to unholy pain and torment.
Your maximum health is greatly increased.
Your equipment is partially melded.
A weak demonic guardian rushes to your aid.


Message History

You feel sick.
Things that are here:
a +0 leather armour; a rat corpse
There is a lethal amount of poison in your body!
That's the wrong kind of item! (Use * to select it.) Fire/throw which item? (* to show all) (? for menu, Esc to quit)
You don't have any such object.
Fire/throw which item? (* to show all) (? for menu, Esc to quit)
You don't have any such object.
Fire/throw which item? (* to show all) (? for menu, Esc to quit)
That's the wrong kind of item! (Use * to select it.) Fire/throw which item? (* to show all) (? for menu, Esc to quit)
You don't have any such object.
Fire/throw which item? (* to show all) (? for menu, Esc to quit)
You don't have any such object.
Fire/throw which item? (* to show all) (? for menu, Esc to quit)
That's the wrong kind of item! (Use * to select it.) Fire/throw which item? (* to show all) (? for menu, Esc to quit)
That's the wrong kind of item! (Use * to select it.) Fire/throw which item? (* to show all) (? for menu, Esc to quit)
That's the wrong kind of item! (Use * to select it.) Fire/throw which item? (* to show all) (? for menu, Esc to quit)
You don't have any such object.
Fire/throw which item? (* to show all) (? for menu, Esc to quit)
You don't have any such object.
Fire/throw which item? (* to show all) (? for menu, Esc to quit)
You don't have any such object.
Fire/throw which item? (* to show all) (? for menu, Esc to quit)
That's the wrong kind of item! (Use * to select it.) Fire/throw which item? (* to show all) (? for menu, Esc to quit)
You don't have any such object.
Fire/throw which item? (* to show all) (? for menu, Esc to quit)
You don't have any such object.
Fire/throw which item? (* to show all) (? for menu, Esc to quit)
You don't have any such object.
Fire/throw which item? (* to show all) (? for menu, Esc to quit)
You don't have any such object.
Fire/throw which item? (* to show all) (? for menu, Esc to quit)
Okay, then.
You die...

##.# #.. #..
.######.#
####..
........#
#...†.
........#
#.###.
........#####
.. #.
............#
#######.
............#
#......
.......♣)...#
#.#####
........#####
#.# #
#######.# #.#
# #.# #.# #.#
#.# #.#
##.##### #.#
#....... #.#
#..##### #.#
#..# #


There were no monsters in sight!

Vanquished Creatures
  3 bats (D:1)
  6 endoplasms
  7 goblins
  3 hobgoblins
  3 jackals (D:1)
  A quokka (D:1)
  2 ball pythons (D:1)
  2 frilled lizards (D:1)
  3 kobolds (D:1)
  4 rats
34 creatures vanquished.

Vanquished Creatures (collateral kills)
  A dart slug (D:1)
1 creature vanquished.

Grand Total: 35 creatures vanquished

Notes
Turn   | Place    | Note
-------+----------+-------------------------------------------
     0 | D:1      | lonewolfV2 the Demonspawn Gladiator began the quest for the
                  | Orb.
     0 | D:1      | Reached XP level 1. HP: 16/16 MP: 1/1
   204 | D:1      | Gained mutation: A weak demonic guardian rushes to your
                  | aid. [demonic ancestry]
   204 | D:1      | Reached XP level 2. HP: 17/22 MP: 2/2
   613 | D:1      | Found a faded altar of an unknown god.
   957 | D:1      | Reached XP level 3. HP: 27/27 MP: 3/3
  1654 | D:2      | HP: 2/40 [poisoned by a goblin]
  1658 | D:2      | Succumbed to a goblin's poison

Illustrated notes

Levels and vault maps discovered:
D:1:      kennysheep_arrival_seaside, layout_basic,
          hellmonk_ecumenical_altar_zigzags, minmay_tetromino_s4
D:2:      layout_basic

Skill      XL: |  1  2 |
---------------+-------+-----
Throwing       | 2 |  2.1
Dodging        | 3 |  3.1
Maces & Flails | 3 |  3.1
Fighting       | |  2.1
Short Blades   | |  0.3
Armour         | |  0.4
Stealth        | |  0.1

Action                   || total
-------------------------++-------
Melee: Flail             ||    35
       Short sword       ||    65
  Use: Scroll            ||     3
       Potion            ||     1
 Stab: Sleeping          ||     1
Armor: Leather armour    ||    28
Dodge: Dodged            ||    72

Table legend: (Time is in decaauts)
 A = Elapsed time spent in this place.
 B = Non-inter-level travel time spent in this place.
 C = Inter-level travel time spent in this place.
 D = Time resting spent in this place.
 E = Time spent auto-exploring this place.
 F = Levels seen in this place.
 G = Mean time per level.
                   A        B        C        D        E       F      G
               +--------+--------+--------+--------+--------+-----+--------+
         Total |   1675 |   1628 |     47 |      0 |   1285 |   2 |  837.5 |
       Dungeon |   1675 |   1628 |     47 |      0 |   1285 |   2 |  837.5 |
               +--------+--------+--------+--------+--------+-----+--------+

Top non-repeatable levels by time:
     D:1: 1342 daAuts
     D:2: 333 daAuts
